 Dungeon Crawl Stone Soup version 0.31-a0-925-g0a390f2509 (webtiles) character file.

Game seed: 13167889361928078192

84 lunkers the Ruffian (level 5, 0/40 HPs)
             Began as a Meteoran Shapeshifter on Oct 18, 2023.
             Slain by an orc priest
             ... wielding a +0 mace
              (9 damage)
             ... on level 3 of the Dungeon on Oct 19, 2023.
             The game lasted 00:02:11 (779 turns).

lunkers the Ruffian (Meteoran Shapeshifter)          Turns: 779, Time: 00:02:11

Health: 0/40       AC:  2    Str: 16    XL:     5   Next: 4%
Magic:  6/6        EV: 12    Int: 11    God:
Gold:   101        SH:  0    Dex: 15    Spells: 4/4 levels left

rFire   . .          .
                       - Unarmed
rCold   . . .        (no shield)
rNeg    . . .        a - +0 animal skin
rPois   .            (helmet currently unavailable)
rElec   .            (cloak currently unavailable)
rCorr   .            (gloves currently unavailable)
SInv    .            (boots currently unavailable)
Will    .....        (no amulet)
Stlth   +            (no ring)
HPRegen 0.26/turn    (no ring)
MPRegen 0.10/turn

%: no passive effects
@: beast-form, glowing
A: beast (slay +2), sense surroundings 1, otherworldly, glowing, explore regen
a: Begin Untransformation


You were on level 3 of the Dungeon.
You were a hulking beast.
You visited 1 branch of the dungeon, and saw 3 of its levels.

You collected 101 gold pieces.

Inventory:

Armour
 a - a +0 animal skin (worn)
Talismans
 c - a beast talisman (active)
 d - a flux talisman
Scrolls
 f - a scroll of identify {unknown}
 g - 2 scrolls of revelation
 h - a scroll of summoning
 j - a scroll of enchant weapon {unknown}
Potions
 b - a potion of lignification
 e - a potion of degeneration {unknown}
 i - 2 potions of curing {unknown}
 k - a potion of enlightenment {unknown}


   Skills:
 - Level 1.1 Fighting
 - Level 2.1 Dodging
 * Level 5.4 Unarmed Combat
 + Level 4.5 Shapeshifting


You had 4 spell levels left.
You didn't know any spells.
Your spell library contained the following spells:

 Spells                   Type           Power      Damage    Failure   Level
 Ensorcelled Hibernation  Hex/Ice        0%         N/A       47%         2
 Jinxbite                 Hex            0%         N/A       47%         2
 Anguish                  Hex/Necr       0%         N/A       98%         4


Dungeon Overview and Level Annotations

Branches:
Dungeon (3/15) Zot: 1021

Altars:

Shops:
D:2 (=


Innate Abilities, Weirdness & Mutations

You are a hulking beast.
Your limbs bulge with bestial killing power. (Slay +2)
You passively map a small area around you.
You are easily found by Zot.
You glow in the dark.
You regain HP and MP as you explore.


Message History

You punch the endoplasm!
You kill the endoplasm!
You now have 101 gold pieces (gained 12).
An orc priest and an orc wizard come into view.
Found an escape hatch in the floor.
The orc priest shouts!
You hear a shout!
The orc priest calls down the wrath of Beogh upon you.
Pain shoots through your body!
An orc comes into view. It is wielding a +0 club.
The orc shouts!
The orc wizard mumbles some strange words.
The orc wizard flickers and vanishes!
Deactivating autopickup; reactivate with Ctrl-A.
The orc priest calls down the wrath of Beogh upon you.
Beogh smites you!
* * * LOW HITPOINT WARNING * * *
There are monsters nearby!
The orc priest calls down the wrath of Beogh upon you.
Beogh smites you!
* * * LOW HITPOINT WARNING * * *
There is an escape hatch in the floor here.
Okay, then.
You swing at nothing.
You punch something! Something completely misses you.
You barely miss something. Something hits you.
* * * LOW HITPOINT WARNING * * *
You hit something.
Reactivating autopickup.
You feel a bit more experienced.
You have reached level 5!
An orc and a kobold come into view.
The orc shouts!
The kobold shouts!
The orc priest barely misses you.
Things that are here:
a +0 dagger; a +0 robe Unknown command.
You hit the orc priest.
The orc priest is lightly wounded.
The orc priest hits you with a +0 mace!
You die...

#############
#...........###########
##......)...............
......##.###........#
##..#.##)# #####.o..#
#†.#.##.# #>#.##
#..#.#... #h#,# , ,
##..#.#..## * #o...K...
* ....#.#... ....#.... *
.##.#.#..# ##...# *#.
.##.#.#..# *, #...# *
.##.#.#..# *#.o.. *
<.....# , , ....##
........ ###.# .##.####


You could see an orc priest, 2 orcs and a kobold.

Vanquished Creatures
  An orc wizard (D:3)
  2 adders (D:2)
  3 dart slugs
  An orc (D:3)
  A bat (D:1)
  8 endoplasms
  4 giant cockroaches
  3 hobgoblins
  2 kobolds (D:1)
  A quokka (D:2)
  2 ball pythons
  A frilled lizard (D:3)
  2 goblins
  A rat (D:1)
32 creatures vanquished.

Notes
Turn   | Place    | Note
-------+----------+-------------------------------------------
     0 | D:1      | lunkers the Meteoran Shapeshifter began the quest for the
                  | Orb.
     0 | D:1      | Reached XP level 1. HP: 16/16 MP: 2/2
    77 | D:1      | Reached XP level 2. HP: 19/23 MP: 3/3
   101 | D:1      | Reached skill level 4 in Unarmed Combat
   192 | D:1      | Reached XP level 3. HP: 26/28 MP: 4/4
   376 | D:2      | Found a faded altar of an unknown god.
   437 | D:2      | Found Wohub's Weapon Shoppe.
   548 | D:2      | Reached XP level 4. HP: 35/35 MP: 5/5
   561 | D:2      | Found Mixuramp's Jewellery Emporium.
   581 | D:2      | Reached skill level 5 in Unarmed Combat
   778 | D:3      | Reached XP level 5. HP: 6/40 MP: 6/6
   779 | D:3      | Slain by an orc priest

Illustrated notes

Levels and vault maps discovered:
D:1:      onia_arrival_mini_spirals, layout_basic, minmay_pentomino_r2
D:2:      layout_loops_ring, serial_shops, shop, nicolae_shop_trees,
          nicolae_shop_bloodbath_and_beyond, ebering_ecumenical_altar_abandoned,
          basic_altar, serial_bayou_lagoon_a
D:3:      layout_loops_ring, uniq_terence

Skill      XL: |  1  2  3  4 |
---------------+-------------+-----
Unarmed Combat | 4 5 |  5.4
Shapeshifting  | 4 |  4.5
Fighting       | |  1.1
Dodging        | |  2.1

Action                     |  1- 3 |  4- 6 || total
---------------------------+-------+-------++-------
  Melee: Unarmed           |    43 |    20 ||    63
         Punch             |     1 |     1 ||     2
    Use: Scroll            |     6 |       ||     6
 Armour: Animal skin       |    14 |     7 ||    21
  Dodge: Dodged            |    15 |     8 ||    23

Table legend: (Time is in decaauts)
 A = Elapsed time spent in this place.
 B = Non-inter-level travel time spent in this place.
 C = Inter-level travel time spent in this place.
 D = Time resting spent in this place.
 E = Time spent auto-exploring this place.
 F = Levels seen in this place.
 G = Mean time per level.
                   A        B        C        D        E       F      G
               +--------+--------+--------+--------+--------+-----+--------+
         Total |    777 |    742 |     35 |      0 |    514 |   3 |  259.0 |
       Dungeon |    777 |    742 |     35 |      0 |    514 |   3 |  259.0 |
               +--------+--------+--------+--------+--------+-----+--------+

Top non-repeatable levels by time:
     D:2: 408 daAuts
     D:1: 304 daAuts
     D:3: 63 daAuts
